 Dungeon Crawl Stone Soup version 0.29.1-15-g9cfb28693d (webtiles) character file.

Game seed: 13721865365710951124

32 javelincjr the Magician (level 3, -5/26 HPs)
             Began as a Demonspawn Hedge Wizard on Apr 4, 2023.
             Was a Follower of Qazlal.
             Killed from afar by Sigmund (6 damage)
             ... with a magic dart
             ... on level 2 of the Dungeon.
             The game lasted 00:06:05 (1981 turns).

javelincjr the Magician (Demonspawn Hedge Wizard)   Turns: 1981, Time: 00:06:05

Health: -5/26      AC:  4    Str: 12    XL:     3   Next: 8%
Magic:  2/7        EV: 12    Int: 15    God:    Qazlal [*.....]
Gold:   65         SH:  2    Dex: 12    Spells: 3/8 levels left

rFire   . . .      SeeInvis .   a - +0 dagger
rCold   . . .      Faith    .   (no shield)
rNeg    . . .      Spirit   .   b - +0 robe
rPois   .          Reflect  .   c - +0 hat
rElec   .          Harm     .   (no cloak)
rCorr   .          Rampage  .   (no gloves)
Will    .....                   (no boots)
Stlth   ++........              (no amulet)
HPRegen 0.08/turn               (no ring)
MPRegen 0.10/turn               (no ring)

@: no status effects
A: horns 1, thin metallic scales 1
a: Renounce Religion


You were on level 2 of the Dungeon.
You worshipped Qazlal.
Qazlal was aware of your devotion.
You visited 1 branch of the dungeon, and saw 3 of its levels.

You collected 65 gold pieces.

Inventory:

Hand Weapons
 a - a +0 dagger (weapon)
Armour
 b - a +0 robe (worn)
 c - a +0 hat (worn)
Scrolls
 e - 2 scrolls of identify {unknown}
 g - a scroll of butterflies {unknown}
 i - a scroll of magic mapping {unknown}
 j - 2 scrolls of fear {unknown}
 k - a scroll of immolation {unknown}
Potions
 d - a potion of magic
 f - a potion of haste {unknown}
 h - a potion of curing {unknown}
 l - 2 potions of might {unknown}


   Skills:
 * Level 1.1 Fighting
 + Level 0.6 Armour
 + Level 2.0 Dodging
 - Level 1.7 Stealth
 * Level 3.2 Spellcasting
 + Level 1.2 Conjurations
 + Level 1.2 Summonings
 + Level 1.1 Translocations


You had 3 spell levels left.
You knew the following spells:

 Your Spells              Type           Power      Damage    Failure   Level
a - Magic Dart            Conj           24%        1d4       12%         1
b - Call Imp              Summ           6%         N/A       17%         2
c - Blink                 Tloc           10%        N/A       19%         2

Your spell library contained the following spells:

 Spells                   Type           Power      Damage    Failure   Level
 Slow                     Hex            8%         N/A       21%         1
 Conjure Flame            Conj/Fire      4%         6-21      41%         3
 Mephitic Cloud           Conj/Pois/Air  3%         N/A       45%         3


Dungeon Overview and Level Annotations

Branches:
Dungeon (3/15)

Altars:
Qazlal

Annotations:
D:1 1 transporter
D:2 Sigmund
D:3 2 transporters, domi's ghost, weakling MeEE


Innate Abilities, Weirdness & Mutations

You have a pair of small horns on your head.
You are partially covered in thin metallic scales. (AC +2)


Message History

Aiming: Magic Dart (safe; 12% risk of failure)
Press: ? - help, Shift-Dir - straight line, f/p - Sigmund
Aim: Sigmund, wielding a +0 scythe and wearing a +0 robe of willpower (lightly wounded, ally target, 100% to hit)
You miscast Magic Dart.
You are very lightly contaminated with residual magic.
Nothing appears to happen.
Casting: Magic Dart (safe; 12% risk of failure)
Confirm with . or Enter, or press ? or * to list all spells.
Aiming: Magic Dart (safe; 12% risk of failure)
Press: ? - help, Shift-Dir - straight line, f/p - Sigmund
Aim: Sigmund, wielding a +0 scythe and wearing a +0 robe of willpower (lightly wounded, ally target, 100% to hit)
The magic dart hits Sigmund but does no damage.
Sigmund is lightly wounded.
Sigmund closely misses you.
Casting: Magic Dart (safe; 12% risk of failure)
Confirm with . or Enter, or press ? or * to list all spells.
You miscast Blink.
Nothing appears to happen.
Sigmund gestures at you while chanting.
You are confused.
Your crimson imp hits Sigmund but does no damage.
Sigmund barely misses you.
Your crimson imp hits Sigmund.
Sigmund gestures wildly while chanting.
Sigmund flickers and vanishes!
Deactivating autopickup; reactivate with Ctrl-A.
Your crimson imp barely misses something.
Something hits you but does no damage.
Your crimson imp closely misses something.
Your crimson imp hits something.
Something hits you! x2
Your crimson imp closely misses something.
Your crimson imp closely misses something.
You feel less confused.
Your crimson imp disappears in a puff of smoke!
A magic dart appears from out of thin air!
The magic dart hits you!
* * * LOW HITPOINT WARNING * * *
Your magical contamination has completely faded away.
A magic dart appears from out of thin air!
The magic dart hits you.
You die...

#.. ...####........##
... #.# ##........##.###
.. ###.###....##.#....#
## #.......#.....###..#
#....#.....##........
##..........##........
#......{..............
#...........##......
#####...........@....<..
#..............###......
#.........#...## .....
#........###### ....
#........# ###
##########


There were no monsters in sight!

Vanquished Creatures
  A dart slug (D:1)
  6 endoplasms
  2 giant cockroaches (D:1)
  2 goblins (D:1)
  4 jackals (D:1)
  2 kobolds (D:1)
  3 ball pythons (D:1)
  4 frilled lizards (D:1)
  2 rats (D:1)
26 creatures vanquished.

Notes
Turn   | Place    | Note
-------+----------+-------------------------------------------
     0 | D:1      | javelincjr the Demonspawn Hedge Wizard began the quest for
                  | the Orb.
     0 | D:1      | Reached XP level 1. HP: 13/13 MP: 4/4
   139 | D:1      | Reached skill level 1 in Translocations
   264 | D:1      | Gained mutation: You have a pair of small horns on your
                  | head. [demonic ancestry]
   264 | D:1      | Reached XP level 2. HP: 16/20 MP: 0/6
   644 | D:1      | Found a faded altar of an unknown god.
   652 | D:1      | Prayed at the altar of an unknown god.
   652 | D:1      | Became a worshipper of Qazlal Stormbringer
   652 | D:1      | Reached * piety under Qazlal
  1261 | D:1      | Reached skill level 1 in Fighting
  1352 | D:1      | Gained mutation: You are partially covered in thin metallic
                  | scales. (AC +2) [demonic ancestry]
  1352 | D:1      | Reached XP level 3. HP: 12/26 MP: 0/7
  1817 | D:2      | You fall into a shaft and drop 1 floor!
  1818 | D:3      | Found a transporter.
  1821 | D:3      | Noticed domi's ghost (weakling MeEE)
  1824 | D:3      | Found a transporter.
  1869 | D:2      | Noticed Sigmund
  1874 | D:2      | Learned a level 2 spell: Call Imp
  1877 | D:2      | Learned a level 2 spell: Blink
  1978 | D:2      | HP: 1/26 [something/magic dart (8)]
  1981 | D:2      | Killed from afar by Sigmund

Illustrated notes

Levels and vault maps discovered:
D:1:      spicycebolla_arrival_transporter_tutorial, layout_loops_cross,
          shapermc_ecumenical_altar_totnotflames,
          nicolae_concentric_dashed_squares_mild, kennysheep_pointless_box
D:2:      layout_rooms, uniq_sigmund
D:3:      layout_loops_cross, tso_oasis_becter, gammafunk_ghost_mausoleum,
          serial_co_window_serial, co_window_corner_a, co_window_paths_a,
          co_window_corner_a, co_window_paths_a, co_window_corner_a,
          co_window_of_opportunity_a, co_window_paths_b,
          co_window_unsneaky_path_d, co_window_unsneaky_path_c,
          co_window_corner_ca, co_window_corner_b, co_window_unsneaky_path_d,
          co_window_unsneaky_path_b, glass_columns_a, glass_columns_a,
          uniq_grinder

Skill      XL: |  1  2 |
---------------+-------+-----
Translocations | 1 |  1.1
Dodging        | 2 |  2.0
Fighting       | 1 |  1.1
Armour         | |  0.6
Stealth        | |  1.7
Spellcasting   | |  3.2
Conjurations   | |  1.2
Summonings     | |  1.2

Action                   || total
-------------------------++-------
Melee: Dagger            ||    28
       Headbutt          ||     3
 Cast: Magic Dart        ||    56
       Call Imp          ||     4
       Blink             ||     1
Armor: Robe              ||     8
Dodge: Dodged            ||    21
